 Dungeon Crawl Stone Soup version 0.18.1-48-g4cf74bf (webtiles) character file.

545953 archiater the Gargoyle Cataclysm (level 26, -9/165 HPs)
             Began as a Gargoyle Fighter on Aug 2, 2016.
             Was a High Priest of Qazlal.
             Killed by the air
             ... invoked by a spriggan air mage
              (19 damage)
             ... on level 4 of the Depths on Aug 4, 2016.
             The game lasted 05:46:49 (62645 turns).

archiater the Gargoyle Cataclysm (GrFi)            Turns: 62645, Time: 05:46:50

Health: -9/165     AC: 39    Str: 32    XL:     26   Next: 15%
Magic:  23/40      EV:  9    Int:  9    God:    Qazlal [*****.]
Gold:   4465       SH: 34    Dex: 21    Spells: 2 memorised, 36 levels left

rFire  + + .     SeeInvis +     M - +6 sacred scourge (holy)
rCold  + + +     Gourm    .     E - +4 ring mail of Protective Custody {rF+ rC++ Dex+4}
rNeg   + + .     Faith    .     s - +2 large shield {reflect}
rPois  ∞         Spirit   .     x - +1 hat {SInv}
rElec  +         Dismiss  .     (no cloak)
rCorr  +         Reflect  +     S - +2 pair of gloves {Dex+3}
SustAt +         Harm     .     t - +1 pair of boots
MR     ++++.     Clarity  +     y - amulet of the Four Winds {rN+ MR+++ Clar}
Stlth  +.........               B - ring of the Assorted Wonders {SustAt *Drain rF+ rC+ Dex+5}
                                k - ring of resist corrosion

@: protected from physical damage, studying Maces & Flails, repel missiles,
incredibly resistant to hostile enchantments, very unstealthy
A: big wings, blurry vision 1, deformed body, negative energy resistance 1,
electricity resistance, unbreathing, petrification resistance, rot immunity, AC
+19
a: Fly, Upheaval, Elemental Force, Disaster Area, Renounce Religion
}: 3/15 runes: serpentine, barnacled, silver


You were on level 4 of the Depths.
You worshipped Qazlal.
Qazlal was extremely pleased with you.
You were not hungry.

You visited 10 branches of the dungeon, and saw 47 of its levels.
You visited the Abyss 1 time.
You visited 1 bazaar.
You also visited: Labyrinth and Sewer.

You collected 7148 gold pieces.
You spent 2683 gold pieces at shops.

Inventory:

Hand Weapons
 u - a +2 demon whip of venom
 M - a +6 sacred scourge of holy wrath (weapon)
Armour
 s - a +2 large shield of reflection (worn)
 t - a +1 pair of boots (worn)
 x - a +1 hat of see invisible (worn)
 E - the +4 ring mail of Protective Custody (worn) {rF+ rC++ Dex+4}
   (You found it in a sewer)

   It affects your dexterity (+4).
   It protects you from fire.
   It greatly protects you from cold.
 S - a +2 pair of gloves of dexterity (worn)
Jewellery
 d - an uncursed amulet of guardian spirit {unknown}
 k - a ring of resist corrosion (left hand)
 v - a +5 ring of evasion
 y - the amulet of the Four Winds (around neck) {rN+ MR+++ Clar}
   (You found it on level 6 of the Dungeon)

   [amulet of nothing]

   It protects you from negative energy.
   It affects your resistance to hostile enchantments.
   It protects you against confusion.
 B - the ring of the Assorted Wonders (right hand) {SustAt *Drain rF+ rC+ Dex+5}
   (You bought it in a shop in a bazaar)

   [ring of sustain attributes]

   It sustains your strength, intelligence and dexterity.
   It affects your dexterity (+5).
   It protects you from fire.
   It protects you from cold.
   It causes draining when unequipped.
 I - the ring "Zeokkuq" {SustAt Str+4 Dex+3 Stlth+}
   (You took it off a tengu reaver on level 5 of the Vaults)

   [ring of sustain attributes]

   It sustains your strength, intelligence and dexterity.
   It affects your strength (+4).
   It affects your dexterity (+3).
   It makes you more stealthy.
 N - the ring "Babisk" {+Blink rPois rN++}
   (You found it on level 3 of the Elven Halls)

   [ring of poison resistance]

   It protects you from poison.
   It greatly protects you from negative energy.
   It lets you blink.
Wands
 p - a wand of teleportation (3/9)
 U - a wand of digging (7/24)
 W - a wand of paralysis (17/24)
Scrolls
 b - 6 scrolls of fog
 c - 4 scrolls of blinking
 g - 13 scrolls of teleportation
 h - a scroll of brand weapon
 i - 4 scrolls of enchant weapon
 l - 21 scrolls of remove curse
 w - 4 scrolls of amnesia
 z - a scroll of holy word
 A - 15 scrolls of identify
 C - 5 scrolls of magic mapping
 F - 3 scrolls of acquirement
 K - 12 scrolls of recharging
 L - 5 scrolls of fear
 P - 9 scrolls of enchant armour
 T - 5 scrolls of summoning
Potions
 a - 4 potions of berserk rage
 e - a potion of cure mutation
 j - 3 potions of haste
 r - 2 potions of ambrosia
 D - 7 potions of curing
 G - 7 potions of might
 H - 3 potions of magic
 J - 6 potions of invisibility
 Q - 6 potions of agility
 X - 3 potions of cancellation
 Y - 5 potions of brilliance
Books
 f - the Catalogue of Confrontation
   (You found it on level 3 of the Depths)

   Spells                             Type                      Level
   a - Iskenderun's Mystic Blast      Conjuration                  4
   b - Force Lance                    Conjuration/Translocation    4
   c - Bolt of Fire                   Conjuration/Fire             6
   d - Bolt of Cold                   Conjuration/Ice              6
 o - a book of Clouds

   Spells                             Type                      Level
   a - Mephitic Cloud                 Conjuration/Poison/Air       3
   b - Conjure Flame                  Conjuration/Fire             3
   c - Poisonous Cloud                Conjuration/Poison/Air       6
   d - Freezing Cloud                 Conjuration/Ice/Air          6
   e - Ring of Flames                 Charms/Fire                  7
 V - a manual of Maces & Flails
 Z - a book of Party Tricks

   Spells                             Type                      Level
   a - Summon Butterflies             Summoning                    1
   b - Apportation                    Translocation                1
   c - Tukima's Dance                 Hexes                        3
   d - Alistair's Intoxication        Transmutation/Poison         5
   e - Invisibility                   Hexes                        6
Comestibles
 m - 15 meat rations
 n - 2 royal jellies
 q - 9 fruits
 O - 12 bread rations


   Skills:
 * Level 16.8 Fighting
 - Level 18.0 Maces & Flails
 - Level 16.0 Armour
 - Level 19.1 Shields
 - Level 8.3 Spellcasting
 - Level 9.1 Charms
 - Level 8.3 Necromancy
 - Level 8.4 Translocations
 - Level 26.1 Invocations


You had 36 spell levels left.
You knew the following spells:

 Your Spells              Type           Power        Failure   Level  Hunger
a - Blink                 Tloc           N/A          1%          2    ##.....
b - Regeneration          Chrm/Necr      ###.......   4%          3    ###....


Dungeon Overview and Level Annotations

Branches:
Dungeon (15/15)            Temple (1/1) D:6            Lair (8/8) D:11
 Shoals (4/4) Lair:5        Snake (4/4) Lair:4        Slime (0/6) Lair:8
    Orc (2/2) D:10            Elf (3/3) Orc:2        Vaults (5/5) D:13
  Crypt (0/3) Vaults:2     Depths (4/5) D:15           Hell (1/1)
    Dis: Hell:1         Geh: Hell:1         Coc: Hell:1         Tar: Hell:1

Altars:
Ashenzari
Cheibriados
Dithmenos
Elyvilon
Fedhas
Gozag
Kikubaaqudgha
Makhleb
Nemelex Xobeh
Okawaru
Pakellas
Qazlal
Ru
Sif Muna
Trog
Vehumet
Xom
Yredelemnul
Zin
The Shining One
Beogh
Jiyva

Shops:
D:6 %(%   D:8 %   D:9 }   D:10 ?%[%=   Orc:1 *   Orc:2 (?}}   Elf:3 =
Shoals:3 !   Vaults:4 ?

Portals:
Hell: Lair:8 Depths:1 Depths:2 Depths:3
Pandemonium: Depths:1 Depths:3
Ziggurat: Depths:2

Annotations:
Hell Geryon


Innate Abilities, Weirdness & Mutations

You are resistant to torment.
Your stone body is resilient (AC +19).
You are immune to poison.
Your large and strong wings let you fly indefinitely.
You resist negative energy.
You are resistant to electric shocks.
You can survive without breathing.
You are immune to petrification.
You are immune to rotting.
Scrolls take you a little longer to read.
Armour fits poorly on your strangely shaped body.


Message History

The spriggan air mage is almost dead.
You hear a horrible gurgling sound!
The spriggan air mage gestures at you while chanting.
The bolt of lightning misses you.
You hit the spriggan air mage.
The spriggan air mage is almost dead.
You miss the spriggan air mage.
The spriggan air mage is almost dead.
You hear a shout! x2
The ettin hits you but does no damage. The ettin hits you with a great mace!!
* * * LOW HITPOINT WARNING * * *
You feel more protected from physical attacks.
You block the spriggan air mage's attack.
Drink which item? (? for menu, Esc to quit)
You feel better. You block the ettin's attack.
The ettin hits you with a great mace!
* * * LOW HITPOINT WARNING * * *
The spriggan air mage waves its arms in wide circles.
The air twists around and strikes you!
You die...

.
..##################.
......§§.§.C(<..§....
...!.§.§..@i..††....[
...........)†).......
.......§.§........#..
..........).[.§...≈(.
..................≈C.
................§....
.....§.............(.
.....................
.................#...


You could see an ettin and a spriggan air mage.

Vanquished Creatures
  2 ancient liches (Vaults:5)
  2 juggernauts (Depths:2)
  Sojobo (Depths:2)
  Margery (Vaults:3)
  Norris (Vaults:3)
  2 golden dragons
  Nikola (Vaults:3)
  Jorgrun (Depths:3)
  4 tentacled monstrosities
  4 liches
  3 deep elf blademasters
  The ghost of raetorn the Severer, an adept MiGl of Makhleb (Elf:3)
  Asterion (Elf:3)
  2 deep elf master archers (Elf:3)
  3 titans (Vaults:5)
  A quicksilver dragon (Vaults:5)
  The ghost of slavik159 the Warrior, an adept MiGl of Okawaru (Shoals:2)
  A kraken (Shoals:2)
  3 sphinxes (Depths:2)
  A tentacled starspawn (Abyss:3)
  11 tengu reavers
  3 storm dragons
  3 shadow dragons (Vaults:5)
  17 greater nagas
  Ilsuiw (Shoals:4)
  4 large abominations (Vaults:5)
  6 fire giants
  A revenant (Vaults:2)
  5 frost giants
  Wiglaf (Depths:2)
  10 deep elf sorcerers
  Donald (Snake:1)
  An orc warlord (Vaults:5)
  4 deep elf elementalists (Elf:3)
  21 vault wardens
  Louise (Shoals:3)
  A cacodemon (Depths:3)
  Aizul (Snake:3)
  An angel (Abyss:3)
  7 very ugly things
  2 spriggan defenders (Depths:2)
  A ghoul (Vaults:4)
  23 ironheart preservers
  A war gargoyle (Vaults:5)
  2 ophanim (Abyss:3)
  9 deep elf demonologists
  3 vampire knights
  2 dire elephants
  13 stone giants
  3 salamander stormcallers
  6 deep elf annihilators
  Azrael (D:13)
  3 spark wasps
  8 ettins
  3 merfolk javelineers (Shoals:4)
  7 merfolk impalers
  3 minotaurs
  4 crystal guardians
  30 vault guards
  15 deep elf death magi
  A green death (Lair:8)
  3 deep elf high priests
  A minotaur (shapeshifter) (Vaults:3)
  2 entropy weavers
  20 naga warriors
  2 great orbs of eyes
  7 fire dragons
  7 hydras
  5 ice dragons
  7 yaktaur captains
  Harold (D:10)
  2 spriggan air magi
  An entropy weaver (shapeshifter) (Vaults:5)
  2 rakshasas
  10 centaur warriors
  2 alligator snapping turtles
  A catoblepas (Lair:7)
  9 ogre magi
  7 death knights
  The ghost of letownia the Cleaver, a journeyman OpWz of Gozag (D:12)
  4 anacondas
  2 merfolk aquamancers (Shoals:4)
  3 merfolk avatars
  26 dancing weapons
  4 satyrs
  26 death yaks
  A death yak (shapeshifter) (Depths:1)
  A hell hog (shapeshifter) (Depths:2)
  5 tengu warriors
  3 vampire magi
  4 deep troll shamans
  9 orc high priests (Orc:2)
  14 shock serpents
  A thrashing horror (Abyss:3)
  9 naga sharpshooters
  4 deep troll earth magi
  4 spriggan berserkers
  A soul eater (Abyss:3)
  2 sun demons
  4 fire crabs
  32 deep elf knights
  A shadow wraith (Vaults:4)
  A wretched star (Abyss:3)
  A titan skeleton (Abyss:3)
  11 sea snakes
  2 cherubim (Abyss:3)
  25 deep trolls
  2 salamander mystics
  A fire crab (shapeshifter) (Vaults:1)
  8 hell knights
  A spatial maelstrom (Abyss:3)
  6 unseen horrors
  8 skeletal warriors
  8 orc knights
  6 giant orange brains
  A flayed ghost (Depths:2)
  24 deep elf archers
  6 naga ritualists
  11 ironbrand convokers
  2 wizards
  2 swamp dragons (shapeshifter)
  2 necromancers
  18 harpies
  13 hill giants
  13 mana vipers
  3 phantasmal warriors
  A harpy (shapeshifter) (Elf:2)
  2 wolf spiders
  24 fauns
  3 orc sorcerers
  2 hornets
  26 ugly things
  An oklob plant (Lair:7)
  10 salamanders
  5 manticores
  87 deep elf magi
  2 sixfirhies
  5 cyclopes
  A human skeleton (Vaults:4)
  15 griffons
  A hornet (shapeshifter) (Vaults:1)
  A salamander (shapeshifter) (Depths:2)
  13 naga magi
  2 black mambas (shapeshifter)
  15 elephants
  4 water nymphs
  11 sirens
  2 guardian serpents (shapeshifter)
  30 black mambas
  An elephant (shapeshifter) (Vaults:4)
  An apocalypse crab (Abyss:3)
  A fire giant skeleton (Vaults:4)
  22 guardian serpents
  An ice statue (Lair:7)
  A rust devil (Depths:3)
  12 vault sentinels
  A centaur zombie (D:10)
  Psyche (D:9)
  5 orange demons (Lair:8)
  5 spectral swamp worms (Depths:1)
  4 gargoyles
  2 smoke demons
  A rime drake (Lair:3)
  9 spiny frogs
  A kobold demonologist (D:13)
  An ice devil (Lair:8)
  53 yaktaurs
  A komodo dragon (shapeshifter) (Vaults:5)
  8 komodo dragons
  2 ancient zymes (Abyss:3)
  A red devil (Lair:8)
  7 freezing wraiths
  A hellwing (Abyss:3)
  A tengu conjurer (Depths:1)
  A yaktaur (shapeshifter) (Vaults:2)
  The ghost of ErikD the Skirmisher, an amateur HOBe of Trog (Sewer)
  8 trolls
  32 merfolk
  A jumping spider (shapeshifter) (Elf:3)
  A merfolk (shapeshifter) (Depths:2)
  The ghost of GFox the Bolt Thrower, an amateur CeHu of Fedhas (D:4)
  A jumping spider (Depths:1)
  2 polar bears
  13 two-headed ogres
  6 snapping turtles
  16 blink frogs
  Prince Ribbit (D:6)
  12 slime creatures
  A slime creature (shapeshifter) (Vaults:5)
  4 boulder beetles
  A frost giant simulacrum (Abyss:3)
  2 spriggans (Depths:2)
  A fire giant simulacrum (Vaults:4)
  9 air elementals
  9 redbacks
  A vampire (D:11)
  6 wraiths
  45 yaks
  A hog (shapeshifter) (Depths:2)
  12 water elementals
  A tarantella (Depths:1)
  12 fire elementals
  5 basilisks
  A steam dragon (D:6)
  A neqoxec (Abyss:3)
  A golden eye (shapeshifter) (D:14)
  9 small abominations
  A hungry ghost (D:12)
  13 hippogriffs
  9 vampire mosquitoes
  38 nagas
  A soldier ant (shapeshifter) (Depths:2)
  14 water moccasins
  Edmund (D:5)
  11 wargs
  2 mottled dragons
  5 soldier ants (Lair:3)
  4 hell hounds
  8 porcupines
  The ghost of Aun the Ducker, an amateur TrFi of Okawaru (D:3)
  11 ice beasts
  27 orc warriors
  44 ogres
  2 starcursed masses (Abyss:3)
  5 phantoms
  3 wasps
  4 boggarts
  2 sky beasts
  3 black bears
  An eye of draining (D:9)
  2 necrophages
  2 human zombies
  15 centaurs
  17 crocodiles
  5 big kobolds
  Blork the orc (D:5)
  11 giant frogs
  A gnoll sergeant (D:11)
  A water moccasin zombie (D:12)
  A human simulacrum (Vaults:1)
  4 scorpions
  5 killer bees
  4 wights
  An electric eel (Lair:3)
  4 howler monkeys
  4 crimson imps
  2 giant frog zombies
  A quasit (D:8)
  6 jellies
  A yaktaur simulacrum (Vaults:1)
  A gnoll shaman (D:7)
  32 orc priests
  3 hounds
  8 centaur skeletons
  25 orc wizards
  14 iguanas
  30 worker ants
  8 hell rats
  A killer bee zombie (D:5)
  38 sheep
  A wasp simulacrum (D:13)
  3 hound skeletons
  2 worker ant zombies
  10 adders
  13 gnolls
  57 river rats
  2 shadow imps
  3 white imps (Lair:7)
  An ufetubus (Abyss:3)
  An ooze (D:1)
  3 adder skeletons
  3 worms
  2 dart slugs
  10 giant geckos
  106 orcs
  17 bats
  8 giant cockroaches
  4 goblins
  6 hobgoblins
  12 jackals
  7 quokkas
  3 ball pythons
  10 giant newts
  27 kobolds
  21 rats
  A bush (Lair:7)
  6 crawling corpses
  A fire vortex (Vaults:3)
  69 fungi
  57 plants
  A tentacle (Shoals:2)
2250 creatures vanquished.

Vanquished Creatures (collateral kills)
  A tentacled monstrosity (Vaults:5)
  A fire giant (Vaults:5)
  A stone giant (Vaults:5)
  A yaktaur captain (Vaults:5)
  A death yak (Lair:3)
  2 deep trolls (Vaults:5)
  An ironbrand convoker (Vaults:5)
  A porcupine (Lair:3)
  An orc priest (Orc:2)
  2 orcs
12 creatures vanquished.

Vanquished Creatures (others)
  A stone giant (Depths:2)
  A merfolk javelineer (Shoals:3)
  A deep elf high priest (Elf:3)
  The ghost of Gottschkopf the Thaumaturge, a journeyman DECj of Vehumet (D:12)
  A yaktaur captain (Depths:3)
  A queen ant (Lair:3)
  A dancing weapon (Elf:3)
  A death yak (Lair:3)
  A deep troll (Vaults:1)
  A phantasmal warrior (Vaults:4)
  A wolf spider (Vaults:3)
  A cyclops (Shoals:3)
  2 fauns (Shoals:4)
  2 deep elf magi
  A black mamba (Snake:4)
  A siren (Shoals:4)
  2 guardian serpents (Snake:4)
  A naga mage (Snake:4)
  11 yaktaurs
  3 nagas (Snake:4)
  A soldier ant (Lair:3)
  A water moccasin (Lair:1)
  An orc warrior (D:10)
  A sky beast (D:12)
  A boggart (Depths:1)
  A centaur (D:8)
  A crocodile (Lair:2)
  A gnoll sergeant (D:8)
  2 orc wizards (D:8)
  2 iguanas (Lair:1)
  3 worker ants
  2 sheep
  An adder (D:8)
  A shadow imp (D:10)
  A bush (Lair:7)
  14 fungi
  9 plants
  4 starspawn tentacles (Abyss:3)
  49 starspawn tentacle segments (Abyss:3)
  3 tentacles (Shoals:2)
  11 tentacle segments (Shoals:2)
145 creatures vanquished.

Grand Total: 2407 creatures vanquished

Notes
Turn   | Place    | Note
--------------------------------------------------------------
     0 | D:1      | archiater the Gargoyle Fighter began the quest for the Orb.
     0 | D:1      | Reached XP level 1. HP: 14/14 MP: 1/1
    65 | D:1      | Reached XP level 2. HP: 16/19 MP: 2/2
   260 | D:1      | Reached XP level 3. HP: 15/23 MP: 3/3
   770 | D:2      | Found an opulent altar of Gozag.
   899 | D:2      | Found a white marble altar of Elyvilon.
  1057 | D:2      | Reached XP level 4. HP: 10/28 MP: 4/4
  1838 | D:3      | Found a radiant altar of Vehumet.
  1883 | D:3      | Reached XP level 5. HP: 32/32 MP: 5/5
  1911 | D:3      | Found a burning altar of Makhleb.
  1913 | D:3      | Found a glowing silver altar of Zin.
  1913 | D:3      | Noticed an angel
  1913 | D:3      | Noticed a blizzard demon
  2045 | D:3      | Noticed Aun's ghost (amateur TrFi)
  2057 | D:3      | Reached skill level 5 in Maces & Flails
  2080 | D:3      | Killed Aun's ghost
  2118 | D:3      | Reached XP level 6. HP: 23/37 MP: 6/6
  2238 | D:4      | Noticed a phantom
  2256 | D:4      | Killed a phantom
  2313 | D:4      | Noticed a phantom
  2345 | D:4      | Killed a phantom
  2388 | D:4      | Noticed GFox's ghost (amateur CeHu)
  2410 | D:4      | Killed GFox's ghost
  2410 | D:4      | Reached XP level 7. HP: 12/41 MP: 7/7
  2922 | D:5      | Entered Level 5 of the Dungeon
  3009 | D:5      | Found a glowing drain.
  3074 | Sewer    | Entered a sewer
  3153 | Sewer    | Noticed ErikD's ghost (amateur HOBe)
  3170 | Sewer    | Killed ErikD's ghost
  3170 | Sewer    | Reached XP level 8. HP: 35/46 MP: 8/8
  3361 | Sewer    | Got a pitted ring mail
  3420 | D:4      | Identified the +4 ring mail of Protective Custody {rF+ rC++ Dex+4} (You found it in a sewer)
  3638 | D:5      | Noticed Blork the orc
  3652 | D:5      | Killed Blork the orc
  3759 | D:5      | Noticed Edmund
  3780 | D:5      | Killed Edmund
  3780 | D:5      | Reached skill level 10 in Maces & Flails
  3885 | D:5      | Found an iron altar of Okawaru.
  3888 | D:5      | Found a shadowy altar of Dithmenos.
  4225 | D:6      | Found Sunaekk's Food Emporium.
  4234 | D:6      | Reached skill level 5 in Fighting
  4272 | D:6      | Found Melenot's Antique Weapon Shoppe.
  4475 | D:6      | Found a staircase to the Ecumenical Temple.
  4494 | D:6      | Reached XP level 9. HP: 44/55 MP: 9/9
  4550 | Temple   | Entered the Ecumenical Temple
  4648 | D:6      | Noticed Prince Ribbit
  4664 | D:6      | Killed Prince Ribbit
  4756 | D:6      | Found Isacla Sulle's Food Boutique.
  5276 | D:7      | Found a bloodstained altar of Trog.
  5546 | D:7      | Found a large runed door.
  5546 | D:7      | Found a large runed door.
  5565 | D:7      | Reached skill level 5 in Armour
  5566 | D:7      | Found a large runed door.
  5566 | D:7      | Found a large runed door.
  6283 | D:7      | Noticed a gargoyle
  6287 | D:7      | Killed a gargoyle
  6287 | D:7      | Reached XP level 10. HP: 60/65 MP: 10/10
  6560 | D:8      | Found a sparkling altar of Nemelex Xobeh.
  6591 | D:8      | Found a shimmering altar of Xom.
  6728 | D:8      | Got an encrusted chain mail
  6789 | D:8      | Found a deep blue altar of Sif Muna.
  7033 | D:8      | Found Wievvuje's Food Shoppe.
  7366 | D:8      | Identified the cursed +0 chain mail of Midsummer {Int+2 Dex+4} (You found it on level 8 of the Dungeon)
  7396 | D:9      | Found Bete's Gadget Boutique.
  7480 | D:9      | Noticed Psyche
  7489 | D:9      | Killed Psyche
  8022 | D:9      | Found a stormy altar of Qazlal.
  8032 | D:9      | Became a worshipper of Qazlal Stormbringer
  8360 | D:10     | Entered Level 10 of the Dungeon
  8373 | D:10     | Noticed a hill giant
  8380 | D:10     | Killed a hill giant
  8391 | D:10     | Noticed a hill giant
  8415 | D:10     | Killed a hill giant
  8415 | D:10     | Reached XP level 11. HP: 25/69 MP: 11/11
  8795 | D:10     | Noticed a brown ugly thing
  8807 | D:10     | Killed a brown ugly thing
  8939 | D:10     | Noticed Harold
  8952 | D:10     | Found Toxt's Magic Scroll Emporium.
  8963 | D:10     | Killed Harold
  9067 | D:10     | Reached * piety under Qazlal
  9106 | D:10     | Found Vejohin's Food Shoppe.
  9113 | D:10     | Found Ywuak's Antique Armour Shoppe.
  9121 | D:10     | Found Roeheoko's Jewellery Boutique.
  9124 | D:10     | Found a staircase to the Orcish Mines.
  9137 | D:10     | Noticed a hill giant
  9139 | D:10     | Noticed a six-headed hydra
  9144 | D:10     | Killed a hill giant
  9149 | D:10     | Killed a six-headed hydra
  9472 | D:10     | Found Beukhanli's Food Shop.
  9656 | D:10     | Killed an unseen horror
  9675 | Orc:1    | Entered Level 1 of the Orcish Mines
  9928 | D:11     | Reached ** piety under Qazlal
 10061 | D:6      | Bought a runed morningstar for 88 gold pieces
 10258 | D:11     | Noticed a purple ugly thing
 10280 | D:11     | Killed a purple ugly thing
 10315 | D:11     | Reached XP level 12. HP: 45/76 MP: 12/12
 10412 | D:11     | Found a staircase to the Lair.
 10611 | D:11     | Reached skill level 1 in Invocations
 10621 | D:11     | Reached *** piety under Qazlal
 11012 | D:12     | Reached skill level 2 in Invocations
 11046 | D:12     | Noticed letownia's ghost (journeyman OpWz)
 11062 | D:12     | Killed letownia's ghost
 11062 | D:12     | Reached skill level 5 in Shields
 11062 | D:12     | Reached skill level 3 in Invocations
 11098 | D:12     | Noticed a five-headed hydra
 11149 | D:12     | Killed a five-headed hydra
 11149 | D:12     | Reached skill level 4 in Invocations
 11383 | D:12     | Noticed Gottschkopf's ghost (journeyman DECj)
 11387 | D:12     | Banished Gottschkopf's ghost
 11387 | D:12     | Reached skill level 5 in Invocations
 11485 | D:12     | Reached skill level 6 in Invocations
 11832 | D:13     | Noticed Azrael
 11917 | Lair:1   | Entered Level 1 of the Lair of Beasts
 11967 | Lair:1   | Reached skill level 7 in Invocations
 12025 | Lair:1   | Noticed a four-headed hydra
 12041 | Lair:1   | Killed a four-headed hydra
 12041 | Lair:1   | Reached skill level 8 in Invocations
 12257 | Lair:1   | Noticed a six-headed hydra
 12271 | Lair:1   | Reached skill level 9 in Invocations
 12275 | Lair:1   | Reached **** piety under Qazlal
 12399 | Lair:1   | Killed a six-headed hydra
 12399 | Lair:1   | Reached skill level 10 in Invocations
 13471 | Lair:2   | Reached XP level 13. HP: 76/80 MP: 21/21
 14368 | Lair:3   | Reached skill level 11 in Invocations
 14399 | Lair:3   | Reached skill level 12 in Invocations
 14756 | Lair:3   | Reached skill level 13 in Invocations
 15682 | Lair:4   | Reached skill level 10 in Fighting
 15955 | Lair:4   | Reached ***** piety under Qazlal
 16123 | Lair:4   | Found a staircase to the Snake Pit.
 16207 | Snake:1  | Entered Level 1 of the Snake Pit
 16808 | Lair:5   | Found a staircase to the Shoals.
 17592 | Lair:6   | Gained mutation: Your large and strong wings let you fly indefinitely. [Gargoyle growth]
 17592 | Lair:6   | Reached XP level 14. HP: 90/90 MP: 23/23
 17624 | Lair:6   | Reached skill level 10 in Armour
 17816 | Lair:6   | Found a labyrinth entrance.
 17824 | Lab      | Entered a labyrinth
 17969 | Lab      | Got an ebony great sword
 17975 | Lab      | Identified the +4 great sword of Imminent Death {drain, rElec rF- rN+ Dex+4} (You found it in a labyrinth)
 19080 | Lair:7   | Reached ****** piety under Qazlal
 19949 | Lair:8   | Entered Level 8 of the Lair of Beasts
 20490 | Lair:8   | Noticed a dire elephant
 20508 | Lair:7   | Reached XP level 15. HP: 34/100 MP: 24/24
 21044 | D:13     | Killed Azrael
 21656 | D:13     | Gained mutation: You possess an exceptional clarity of mind. [a neqoxec]
 21690 | D:13     | Found a gate to the Vaults.
 22265 | Orc:2    | Entered Level 2 of the Orcish Mines
 22952 | Orc:1    | Found Ijogueg's Assorted Antiques.
 22960 | Orc:1    | Bought a scroll of identify for 74 gold pieces
 23541 | Orc:2    | Found a roughly hewn altar of Beogh.
 23566 | Orc:2    | Found Louppo Docru's Gadget Boutique.
 23566 | Orc:2    | Found Jeuxuw's Gadget Shoppe.
 23986 | Orc:2    | Found Uzacw's Magic Scroll Boutique.
 23986 | Orc:2    | Found Tafa's Antique Weapon Shoppe.
 24058 | Orc:2    | Found a staircase to the Elven Halls.
 24441 | Elf:1    | Entered Level 1 of the Elven Halls
 24466 | Elf:1    | Reached skill level 10 in Shields
 24786 | Elf:1    | Reached XP level 16. HP: 79/106 MP: 25/25
 26872 | D:15     | Entered Level 15 of the Dungeon
 27427 | D:15     | Reached skill level 15 in Armour
 27499 | D:15     | Found a shadowy altar of Dithmenos.
 27787 | D:15     | Found a staircase to the Depths.
 27940 | Depths:1 | Entered Level 1 of the Depths
 28471 | Depths:1 | Found a gateway to Hell.
 28558 | Depths:1 | Noticed a tengu reaver
 28622 | Depths:1 | Noticed a storm dragon
 28800 | D:15     | Reached XP level 17. HP: 74/111 MP: 26/26
 29077 | Shoals:1 | Entered Level 1 of the Shoals
 29970 | Lair:8   | Found a staircase to the Slime Pits.
 30187 | Lair:8   | Found a burning altar of Makhleb.
 30513 | Hell     | Entered the Vestibule of Hell
 30513 | Hell     | Noticed Geryon
 30692 | Snake:1  | Reached skill level 15 in Fighting
 31132 | Snake:1  | Noticed Donald
 31158 | Snake:1  | Killed Donald
 31158 | Snake:1  | Reached skill level 15 in Maces & Flails
 31168 | Snake:1  | Got an encrusted shield
 31169 | Snake:1  | Identified the +0 shield of the Solstice {Stlth+} (You took it off Donald on level 1 of the Snake Pit)
 32327 | Snake:3  | Noticed Aizul
 32341 | Snake:3  | Killed Aizul
 33920 | Snake:4  | Entered Level 4 of the Snake Pit
 33943 | Snake:4  | Reached XP level 18. HP: 92/119 MP: 27/27
 35504 | Snake:4  | Got a crude buckler
 35520 | Snake:4  | Identified the cursed +0 buckler "Zaima" {rPois rF+ MR+ Dex+4} (You found it on level 4 of the Snake Pit)
 35625 | Snake:4  | Reached skill level 15 in Shields
 36565 | Snake:4  | Reached XP level 19. HP: 85/124 MP: 28/28
 36639 | Snake:4  | Got a serpentine rune of Zot
 37453 | Elf:2    | Found a runed gate.
 37453 | Elf:2    | Found a runed gate.
 37453 | Elf:2    | Found a runed gate.
 38679 | Elf:3    | Entered Level 3 of the Elven Halls
 38691 | Elf:3    | Cast into level 3 of the Abyss (deep elf knight)
 38827 | Abyss:3  | Found a glowing golden altar of the Shining One.
 38915 | Abyss:3  | Found a corrupted altar of Lugonu.
 39051 | Elf:3    | Escaped the Abyss
 39465 | Elf:3    | Gained mutation: Your body sometimes deteriorates upon taking damage. [a neqoxec]
 39466 | Elf:3    | Gained mutation: You are surrounded by a mild repulsion field (EV +2). [a neqoxec]
 39467 | Elf:3    | Gained mutation: You tend to lose your temper in combat. [a neqoxec]
 39471 | Elf:3    | Reached XP level 20. HP: 100/131 MP: 30/30
 39483 | Elf:3    | Reached skill level 14 in Invocations
 39754 | Elf:2    | Gained mutation: Your muscles are strong. (Str +2) [potion of mutation]
 39754 | Elf:2    | Gained mutation: You have a pair of small horns on your head. [potion of mutation]
 39754 | Elf:2    | Gained mutation: You often lose your temper in combat. [potion of mutation]
 39866 | Elf:3    | Noticed Asterion
 39957 | Orc:2    | Gained mutation: You are resistant to hostile enchantments. [potion of mutation]
 39957 | Orc:2    | Gained mutation: You have an increased reservoir of magic (+10% MP). [potion of mutation]
 40173 | Vaults:1 | Entered Level 1 of the Vaults
 40740 | Vaults:1 | Reached skill level 15 in Invocations
 41224 | Vaults:1 | Reached skill level 16 in Invocations
 41808 | Vaults:2 | Reached skill level 17 in Invocations
 41933 | Vaults:2 | Found a staircase to the Crypt.
 42500 | Vaults:2 | Reached XP level 21. HP: 134/136 MP: 37/37
 42500 | Vaults:2 | Reached skill level 18 in Invocations
 42754 | Vaults:2 | You fall through a shaft for 2 floors!
 43107 | Vaults:3 | Noticed Margery
 43124 | Vaults:3 | Reached skill level 19 in Invocations
 43127 | Vaults:3 | Killed Margery
 43214 | Vaults:3 | Noticed Norris
 43226 | Vaults:3 | Killed Norris
 43249 | Vaults:3 | Noticed Nikola
 43262 | Vaults:3 | Killed Nikola
 43635 | Vaults:3 | Found a flickering gateway to a bazaar.
 43645 | Bazaar   | Entered a bazaar
 43645 | Bazaar   | Found Busheo's Jewellery Emporium.
 43674 | Bazaar   | Found Xaickazu's Magic Scroll Emporium.
 43688 | Bazaar   | Found Oxuxkiab's General Store.
 43692 | Bazaar   | Found Fegoded's Assorted Antiques.
 43703 | Bazaar   | Found Pustall's Distillery.
 43769 | Bazaar   | Bought the ring of the Assorted Wonders {SustAt *Drain rF+ rC+ Dex+5} for 607 gold pieces
 43819 | Bazaar   | Bought a potion of heal wounds for 50 gold pieces
 43819 | Bazaar   | Bought 2 potions of heal wounds for 100 gold pieces
 43819 | Bazaar   | Bought a potion of heal wounds for 50 gold pieces
 43819 | Bazaar   | Bought a potion of haste for 100 gold pieces
 43819 | Bazaar   | Bought a potion of heal wounds for 50 gold pieces
 43819 | Bazaar   | Bought a potion of heal wounds for 50 gold pieces
 43819 | Bazaar   | Bought a potion of curing for 30 gold pieces
 43819 | Bazaar   | Bought a potion of haste for 100 gold pieces
 43819 | Bazaar   | Bought a potion of curing for 30 gold pieces
 43847 | Bazaar   | Bought a scroll of acquirement for 624 gold pieces
 43937 | Bazaar   | Bought a scroll of brand weapon for 340 gold pieces
 44171 | Vaults:3 | Reached skill level 20 in Invocations
 45254 | Vaults:4 | Found Fykijugo's Magic Scroll Shop.
 45797 | Vaults:4 | Reached skill level 21 in Invocations
 45901 | Vaults:4 | Reached XP level 22. HP: 114/142 MP: 40/40
 46347 | Vaults:5 | Entered Level 5 of the Vaults
 46357 | Vaults:5 | Reached skill level 22 in Invocations
 46368 | Vaults:5 | Noticed a golden dragon
 46995 | Vaults:5 | Reached skill level 23 in Invocations
 47104 | Vaults:5 | Noticed an ancient lich
 47110 | Vaults:5 | Killed an ancient lich
 47164 | Vaults:5 | Reached XP level 23. HP: 44/147 MP: 42/42
 47532 | Vaults:5 | Reached skill level 24 in Invocations
 47534 | Vaults:5 | Killed a golden dragon
 48304 | Vaults:5 | Identified the Tome of the Dislocated Entourage
 48573 | Vaults:5 | Noticed an ancient lich
 48595 | Vaults:5 | Killed an ancient lich
 48765 | Vaults:5 | Reached skill level 25 in Invocations
 48926 | Vaults:5 | Got a bound bone ring
 48927 | Vaults:5 | Identified the ring "Zeokkuq" {SustAt Str+4 Dex+3 Stlth+} (You took it off a tengu reaver on level 5 of the Vaults)
 49112 | Vaults:5 | Got a silver rune of Zot
 49485 | Vaults:5 | Got a sparkling iron ring
 51016 | Elf:3    | Killed Asterion
 51035 | Elf:3    | Reached skill level 26 in Invocations
 51035 | Elf:3    | Reached XP level 24. HP: 78/152 MP: 43/44
 51819 | Vaults:5 | Identified the ring "Keav" {+Fly Str+3 Stlth-} (You took it off a fire giant on level 5 of the Vaults)
 51839 | Vaults:5 | Learned a level 2 spell: Blink
 51891 | Vaults:5 | Reached skill level 1 in Translocations
 51898 | Vaults:5 | Reached skill level 1 in Spellcasting
 52261 | Orc:2    | Learned a level 3 spell: Regeneration
 52426 | Elf:3    | Noticed raetorn's ghost (adept MiGl)
 52443 | Elf:3    | Killed raetorn's ghost
 52565 | Elf:3    | Paralysed by a giant eyeball for 4 turns
 52911 | Elf:3    | Identified Sif Muna's Guide on Moulding and Dislocation
 52926 | Elf:3    | Got a scintillating steel ring
 52944 | Elf:3    | Identified the ring "Babisk" {+Blink rPois rN++} (You found it on level 3 of the Elven Halls)
 53042 | Elf:3    | Identified Qifamol's Reference Book on Fiery Changing
 53044 | Elf:3    | Identified Easy Spellcasting
 53047 | Elf:3    | Identified the Incunabulum of Mutagenic Poisoning
 53295 | Elf:3    | Found a radiant altar of Vehumet.
 53379 | Elf:3    | Found Juaseeto's Jewellery Emporium.
 53392 | Elf:3    | Bought an uncursed amulet of the gourmand for 390 gold pieces
 53794 | Shoals:1 | Reached skill level 5 in Spellcasting
 53847 | Shoals:1 | Reached skill level 5 in Translocations
 54803 | Shoals:2 | Noticed slavik159's ghost (adept MiGl)
 54833 | Shoals:2 | Killed slavik159's ghost
 55907 | Shoals:3 | Noticed Louise
 55928 | Shoals:3 | Killed Louise
 56089 | Shoals:3 | Found Fetal's Distillery.
 56677 | Shoals:4 | Entered Level 4 of the Shoals
 56710 | Shoals:4 | Noticed Ilsuiw
 56859 | Shoals:4 | Killed Ilsuiw
 56973 | Shoals:4 | Got a barnacled rune of Zot
 57150 | Shoals:4 | Identified the Papyrus of Doomed Augmentations
 58407 | Depths:1 | Reached XP level 25. HP: 157/157 MP: 44/44
 58410 | Depths:1 | Reached skill level 1 in Charms
 58457 | Depths:1 | Reached skill level 1 in Necromancy
 58825 | Depths:1 | Found a one-way gate leading to the halls of Pandemonium.
 59211 | Depths:2 | Noticed Wiglaf
 59228 | Depths:2 | Killed Wiglaf
 59263 | Depths:2 | Noticed Sojobo
 59278 | Depths:2 | Killed Sojobo
 59453 | Depths:2 | Noticed a juggernaut
 59490 | Depths:2 | Killed a juggernaut
 59490 | Depths:2 | Reached skill level 5 in Charms
 59913 | Depths:2 | Reached skill level 5 in Necromancy
 60265 | Depths:2 | Found a gateway to a ziggurat.
 60644 | Depths:2 | Lost mutation: You have a pair of small horns on your head. [potion of cure mutation]
 60644 | Depths:2 | Lost mutation: Your muscles are strong. (Str +2) [potion of cure mutation]
 60644 | Depths:2 | Lost mutation: You have an increased reservoir of magic (+10% MP). [potion of cure mutation]
 60644 | Depths:2 | Lost mutation: You often lose your temper in combat. [potion of cure mutation]
 60644 | Depths:2 | Lost mutation: You possess an exceptional clarity of mind. [potion of cure mutation]
 60645 | Depths:2 | Lost mutation: You tend to lose your temper in combat. [potion of cure mutation]
 60645 | Depths:2 | Lost mutation: You are resistant to hostile enchantments. [potion of cure mutation]
 60645 | Depths:2 | Lost mutation: Your body sometimes deteriorates upon taking damage. [potion of cure mutation]
 60645 | Depths:2 | Lost mutation: You are surrounded by a mild repulsion field (EV +2). [potion of cure mutation]
 60686 | Depths:2 | Noticed a juggernaut
 60723 | Depths:2 | Killed a juggernaut
 60736 | Depths:2 | Gained mutation: Scrolls take you a little longer to read. [a neqoxec]
 60740 | Depths:2 | Gained mutation: Armour fits poorly on your strangely shaped body. [a neqoxec]
 61487 | Depths:3 | Noticed Jorgrun
 61518 | Depths:3 | Killed Jorgrun
 62089 | Depths:3 | Reached XP level 26. HP: 145/163 MP: 36/40
 62209 | Depths:3 | Identified the Catalogue of Confrontation
 62644 | Depths:4 | HP: 7/165 [ettin/dire flail (24)]
 62645 | Depths:4 | Killed from afar by a spriggan air mage

Skill      XL: |  1  2  3  4  5  6  7  8  9 10 11 12 13 14 15 16 17 18 19 20 21 22 23 24 25 |
---------------+----------------------------------------------------------------------------+-----
Maces & Flails | 3 4 6 7 9 10 12 14 16 18 | 18.0
Shields        | 4 5 11 14 16 19 | 19.1
Fighting       | 5 8 9 11 14 15 16 | 16.8
Armour         | 7 8 9 12 14 15 16 | 16.0
Invocations    | 10 13 17 21 23 26 | 26.1
Translocations | 8 |  8.4
Spellcasting   | 8 |  8.3
Charms         | 9 |  9.1
Necromancy     | 8 |  8.3

Action                   |  1- 3 |  4- 6 |  7- 9 | 10-12 | 13-15 | 16-18 | 19-21 | 22-24 | 25-27 || total
-------------------------+-------+-------+-------+-------+-------+-------+-------+-------+-------++-------
Melee: Flail             |   135 |   183 |   191 |       |       |       |       |       |       ||   509
       Dire flail        |       |       |   193 |   431 |       |       |       |       |       ||   624
       Morningstar       |       |       |       |   333 |  1248 |  1386 |   440 |       |       ||  3407
       Sacred scourge    |       |       |       |       |       |       |  1132 |  1706 |   447 ||  3285
       Headbutt          |       |       |       |       |       |       |   428 |   663 |   205 ||  1296
       Demon whip        |       |       |       |       |       |       |       |     9 |   470 ||   479
 Cast: Blink             |       |       |       |       |       |       |       |     6 |     3 ||     9
       Regeneration      |       |       |       |       |       |       |       |       |     6 ||     6
Invok: Upheaval          |       |       |       |     1 |     2 |     7 |     9 |     8 |     6 ||    33
       Elemental Force   |       |       |       |       |     2 |       |       |       |       ||     2
       Disaster Area     |       |       |       |       |     6 |     7 |     6 |     8 |     1 ||    28
 Abil: Fly               |       |       |       |       |     1 |       |       |     1 |     1 ||     3
       Stop Flying       |       |       |       |       |     1 |       |       |       |     2 ||     3
Evoke: Wand              |       |       |       |       |     2 |       |       |       |       ||     2
  Use: Scroll            |     3 |       |    12 |     5 |     9 |     8 |    12 |     7 |     1 ||    57
       Potion            |       |     1 |       |     3 |     7 |     6 |    19 |    19 |     4 ||    59
 Stab: Confused          |       |       |       |       |       |       |     1 |       |       ||     1
       Distracted        |       |       |       |       |       |       |       |     1 |       ||     1
  Eat: Bread ration      |       |     1 |       |     1 |     2 |     7 |     2 |     1 |       ||    14
       Chunk             |       |       |    11 |    17 |    20 |     6 |     6 |    14 |    12 ||    86
       Fruit             |       |       |     2 |       |     1 |       |     1 |     6 |       ||    10
       Meat ration       |       |       |       |     2 |     1 |       |     3 |     2 |     1 ||     9
       Royal jelly       |       |       |       |       |       |       |     1 |       |       ||     1
       Pizza             |       |       |       |       |       |       |       |     2 |     2 ||     4
       Beef jerky        |       |       |       |       |       |       |       |     2 |       ||     2
Armor: Scale mail        |    66 |   101 |    59 |       |       |       |       |       |       ||   226
       Ring mail         |       |       |   112 |   350 |   440 |   530 |   373 |   402 |   192 ||  2399
       Skin              |       |       |       |       |       |       |       |    11 |       ||    11
Dodge: Dodged            |    47 |    64 |   137 |   247 |   243 |   267 |   236 |   343 |   119 ||  1703
       Deflected         |       |       |       |       |    12 |    53 |    46 |    43 |     8 ||   162
Block: Shield            |    60 |    78 |    79 |   104 |  1058 |  1445 |  1272 |  1047 |       ||  5143
       Other             |       |       |       |    21 |       |       |       |       |       ||    21
       Large shield      |       |       |       |       |       |       |       |   419 |   879 ||  1298
       Reflection        |       |       |       |       |       |       |       |    78 |    59 ||   137
